AoeStats
← Tomato

African Clearing

504836142Analyzed
4v4 RM · 26d ago on Sep 6, 2026· 71m 30s· 8 players
Game mode
Random Map
Map size
Large (8 player)
Population
200
Speed
Normal
Resources
Standard
Victory
Conquest
Starting age
Dark Age
Ending age
Imperial Age
RankedLock teamsTeams togetherTeam positionsShared explorationLock speedFull tech treeHidden civsTurbo modeCheats
Victory
Defeat
🇺🇸 Dravidians · United States
1370
+15
🇦🇷 Mongols · Argentina
1342
+16
🇨🇦 Romans · Canada
1314
+17
🇨🇴 Georgians · Colombia
1268
+19
🇬🇧 Vietnamese · United Kingdom
1373
-18
🇲🇽 Tupi · Mexico
1348
-17
🇪🇸 Berbers · Spain
1339
-17
🇳🇱 Wei · Netherlands
1296
-15
De_Aztek
3:54 Loom
14:37 Feudal Age
15:28 Double-Bit Axe
19:27 Castle Age
18:59 Fletching
19:19 Gold Mining
20:14 Bodkin Arrow
20:59 Padded Archer Armor
22:36 Wheelbarrow
25:57 Ballistics
29:02 Leather Archer Armor
28:49 Stone Mining
30:09 Town Watch
30:24 Horse Collar
38:36 Imperial Age
37:11 Gold Shaft Mining
38:55 Bow Saw
39:42 Conscription
39:56 Bracer
48:26 Curare
47:42 Elite Blackwood Archer
48:45 Squires
48:05 Pikeman
49:42 Ring Archer Armor
50:03 Champi Runner
50:46 Scale Mail Armor
50:57 Forging
50:36 Champi Warrior
52:41 Chemistry
51:37 Murder Holes
51:22 Treadmill Crane
52:51 Elite Champi Warrior
54:28 Hoardings
55:01 Heavy Plow
56:01 Two-Man Saw
60:10 Elite Ibirapema Warrior
61:57 Halberdier
64:26 Chain Mail Armor
64:47 Iron Casting
65:10 Onager
Mr. Jones
9:33 Loom
12:21 Feudal Age
20:28 Fletching
22:45 Town Watch
25:13 Castle Age
25:16 Crossbowman
25:53 Bodkin Arrow
29:50 Padded Archer Armor
Gbeto Supastar
10:28 Loom
11:02 Loom
13:21 Feudal Age
17:43 Castle Age
16:17 Horse Collar
16:23 Double-Bit Axe
23:13 Wheelbarrow
26:21 Hand Cart
28:43 Bow Saw
28:34 Heavy Plow
31:49 Gold Mining
34:24 Scale Barding Armor
34:30 Forging
37:28 Imperial Age
35:10 Chatras
35:24 Bloodlines
35:14 Husbandry
35:36 Chain Barding Armor
37:25 Iron Casting
38:45 Plate Barding Armor
38:14 Elite Battle Elephant
43:01 Padded Archer Armor
42:52 Fletching
47:11 Light Cavalry
49:23 Leather Archer Armor
49:04 Bodkin Arrow
52:50 Ring Archer Armor
52:21 Bracer
56:06 Elite Skirmisher
56:52 Thumb Ring
57:07 Imperial Skirmisher
Tomato
6:31 Loom
15:29 Feudal Age
15:50 Horse Collar
15:56 Double-Bit Axe
17:07 Gold Mining
18:14 Scale Mail Armor
21:53 Castle Age
20:18 Fletching
21:17 Bloodlines
22:32 Bodkin Arrow
27:06 Heavy Plow
28:00 Husbandry
28:51 Wheelbarrow
36:52 Thumb Ring
37:33 Padded Archer Armor
50:34 Imperial Age
48:08 Tuntian
48:57 Ballistics
49:26 Town Watch
50:01 Bow Saw
51:30 Hand Cart
51:55 Parthian Tactics
53:34 Bracer
53:49 Leather Archer Armor
55:47 Chemistry
55:05 Leather Archer Armor
55:23 Fortified Wall
58:04 Heavy Hei Guang Cavalry
59:16 Ring Archer Armor
59:02 Chain Mail Armor
58:57 Forging
62:15 Gold Shaft Mining
61:31 Stone Mining
64:13 Scale Barding Armor
66:10 Stone Shaft Mining
66:15 Ming Guang Armor
66:12 Conscription
68:32 Crossbowman
68:36 Light Cavalry
69:39 Chain Barding Armor
69:55 Iron Casting
LRNI MarinM
11:41 Loom
13:27 Feudal Age
17:37 Castle Age
16:10 Double-Bit Axe
17:17 Gold Mining
18:11 Fletching
18:57 Bodkin Arrow
20:02 Padded Archer Armor
19:52 Horse Collar
23:48 Wheelbarrow
25:08 Husbandry
26:18 Leather Archer Armor
28:03 Ballistics
30:57 Hand Cart
31:09 Thumb Ring
37:46 Town Watch
39:03 Bow Saw
39:07 Heavy Plow
44:48 Imperial Age
45:45 Elite Elephant Archer
47:26 Bracer
47:31 Town Patrol
48:55 Ring Archer Armor
47:53 Pikeman
48:33 Squires
48:34 Scale Mail Armor
49:54 Light Cavalry
50:46 Forging
51:01 Halberdier
52:00 Chain Mail Armor
53:55 Chemistry
61:11 Iron Casting
61:51 Plate Mail Armor
63:00 Caravan
68:42 Conscription
[Qin] Wang Jian
3:22 Loom
13:57 Feudal Age
17:32 Castle Age
15:40 Double-Bit Axe
16:09 Town Watch
17:01 Stone Mining
25:06 Scale Barding Armor
27:56 Bloodlines
32:01 Wheelbarrow
34:13 Forging
34:51 Bow Saw
36:00 Chain Barding Armor
37:50 Iron Casting
38:44 Gold Mining
39:51 Fletching
40:54 Hand Cart
41:00 Husbandry
45:02 Imperial Age
46:23 Plate Barding Armor
48:09 Blast Furnace
48:30 Conscription
48:45 Elite Monaspa
49:28 Light Cavalry
51:42 Stone Shaft Mining
50:48 Horse Collar
51:48 Hoardings
54:33 Coinage
54:11 Hussar
59:42 Caravan
59:54 Guilds
62:21 Aznauri Cavalry
63:11 Town Patrol
63:46 Svan Towers
65:24 Heavy Plow
67:13 Banking
67:30 Devotion
70:17 Crop Rotation
LRNI_UzuI
5:55 Loom
11:28 Feudal Age
13:20 Forging
23:34 Castle Age
22:27 Fletching
23:08 Bloodlines
24:19 Town Watch
24:31 Bodkin Arrow
25:34 Husbandry
29:08 Padded Archer Armor
30:15 Ballistics
32:11 Double-Bit Axe
36:00 Leather Archer Armor
36:53 Wheelbarrow
37:23 Stone Mining
37:49 Bow Saw
38:53 Stone Shaft Mining
38:12 Gold Mining
43:01 Imperial Age
40:53 Scale Barding Armor
42:05 Chain Barding Armor
41:06 Light Cavalry
42:07 Murder Holes
42:49 Hand Cart
42:51 Town Patrol
44:04 Iron Casting
43:11 Hussar
44:34 Bracer
45:43 Conscription
48:52 Blast Furnace
49:08 Chemistry
50:46 Hoardings
53:25 Parthian Tactics
52:56 Elite Mangudai
57:08 Thumb Ring
63:21 Horse Collar
68:13 Heavy Plow
69:25 Nomads
LRNI_Bélico
10:53 Loom
13:12 Feudal Age
13:55 Double-Bit Axe
20:01 Forging
26:26 Castle Age
24:50 Scale Barding Armor
25:55 Bloodlines
26:14 Horse Collar
26:33 Light Cavalry
28:42 Chain Barding Armor
31:21 Husbandry
36:52 Ballistics
38:28 Wheelbarrow
37:38 Town Watch
44:03 Imperial Age
41:23 Pikeman
42:04 Squires
42:04 Scale Mail Armor
42:40 Iron Casting
43:48 Chain Mail Armor
47:42 Imperial Age
53:02 Conscription
53:02 Hand Cart
54:08 Ballistas
54:05 Heavy Scorpion
56:28 Chemistry
57:13 Siege Engineers
58:55 Gold Mining
58:55 Stone Mining
59:48 Heavy Plow
60:00 Bow Saw
64:14 Crop Rotation
64:20 Gold Shaft Mining
65:52 Guilds
71:15 Murder Holes
71:31 Masonry
Connection lost

Rejoining the realm…

Still unreachable

The connection could not be restored.

Session expired

The server has moved on; the page needs a fresh start.